Map: Buried Caverns

Players

Pomo

  • Race: Zerg Zerg
  • Spawn Location: 7:00

jaguar

  • Race: Protoss Protoss
  • Spawn Location: 9:00

Blitz

  • Race: Terran Terran
  • League: Gold
  • Spawn Location: 9:00

OpuS

  • Race: Protoss Protoss
  • Spawn Location: 3:00

Feng

  • Race: Terran Terran
  • Spawn Location: 3:00

Sketchaphone

  • Race: Zerg Zerg
  • Spawn Location: 5:00

VOD

Have the link to the VOD?

Description

Time

  • Played on: Jan. 22, 2019, 8:41 p.m.
  • Length: 18:43
Show
View Real Time Build Order
Export as new Build Order

Pomo Zerg 

Build Orders: Hatch First 

Get SALT Encoding   

  12  0:01  Drone  
  13  0:13  Overlord  
  13  0:22  Drone  
  14  0:31  Drone x2  
  16  0:36  Drone  
  17  0:55  Hatchery  
  16  0:59  Drone  
  16  1:00  Drone  
  18  1:14  Extractor  
  18  1:17  Spawning Pool  
  16  1:19  Drone  
  16  1:23  Drone  
  18  1:31  Drone  
  19  1:39  Drone  
  20  1:50  Overlord  
  20  2:07  Queen x2  
  20  2:08  Zergling x4  
  26  2:13  Drone  
  27  2:20  Drone  
  28  2:23  Drone  
  29  2:35  Drone  
  29  2:36  Drone  
  31  2:39  Drone  
  32  2:46  Lair  
  32  2:47  Drone  
  33  2:53  Drone  
  34  2:59  Overlord  
  34  3:09  Overlord x2  
  34  3:28  Drone  
  34  3:29  Drone x7  
  34  3:32  Extractor x2  
  40  3:36  Extractor  
  40  3:37  Hatchery, Drone  
  40  3:41  Drone  
  40  3:48  Zergling x4  
  41  4:04  Zergling x12  
  39  4:19  Zergling x2  
  39  4:20  Metabolic Boost, Zergling x2  
  38  4:38  Zergling x18  
  32  4:54  Drone x3  
  32  4:57  Queen  
  32  4:59  Queen  
  39  5:04  Drone  
  39  5:05  Drone x3  
  43  5:22  Drone x4  
  47  5:41  Drone x4  
  51  5:46  Drone x3  
  51  5:47  Overlord x2  
  54  6:00  Spire  
  54  6:02  Drone  
  54  6:03  Drone x2  
  57  6:11  Drone x3  
  59  6:28  Drone x5  
  59  6:29  Drone x4  
  66  7:08  Drone x5  
  66  7:09  Drone x3  
  73  7:17  Hatchery  
  73  7:20  Zerg Flyer Weapons Level 1  
  72  7:24  Extractor  
  72  7:25  Drone x2, Extractor  
  72  7:39  Overlord  
  72  7:40  Overlord x5  
  64  7:59  Mutalisk x4  
  64  8:00  Mutalisk x8  
  88  8:28  Hatchery  
  85  8:41  Drone x5  
  90  8:48  Mutalisk x4  
  90  8:50  Drone  
  90  8:51  Drone x6  
  90  8:52  Extractor  
  90  8:55  Extractor  
  103  9:13  Spore Crawler  
  103  9:14  Spore Crawler  
  103  9:15  Mutalisk x2  
  105  9:21  Spore Crawler  
  105  9:22  Spore Crawler  
  105  9:23  Spore Crawler  
  99  9:29  Spore Crawler  
  99  9:30  Spore Crawler  
  85  9:31  Spore Crawler  
  85  9:33  Spore Crawler  
  78  9:40  Mutalisk  
  78  9:41  Mutalisk x2  
  71  10:01  Mutalisk  
  71  10:02  Mutalisk x2  
  37  10:32  Queen x3  
  43  10:46  Drone x15  
  43  10:47  Drone  
  55  11:12  Mutalisk x3  
  55  11:16  Drone x7  
  64  11:33  Drone x4  
  68  11:42  Drone x3  
  71  11:50  Drone x3  
  74  12:04  Hatchery  
  73  12:12  Hatchery  
  70  12:34  Drone  
  70  12:35  Drone x11  
  82  13:21  Extractor  
  82  13:26  Drone x6  
  87  13:30  Extractor  
  86  13:35  Drone x3  
  86  13:36  Drone x2  
  86  13:40  Drone  
  86  13:41  Drone x8  
  89  14:21  Corruptor x7  
  103  14:27  Spore Crawler  
  103  14:28  Spore Crawler  
  103  14:30  Spore Crawler  
  100  14:33  Overlord x9  
  100  14:51  Queen x3  
  96  15:08  Hatchery  
  96  15:09  Drone x2  
  96  15:10  Drone x12  
  109  15:27  Queen  
  111  16:08  Mutalisk  
  111  16:09  Mutalisk x2  
  111  16:10  Overlord, Corruptor  
  119  16:11  Corruptor x6  
  119  16:12  Hatchery, Corruptor x4  
  119  16:14  Overlord x4  
  138  16:45  Mutalisk x4  
  138  16:46  Mutalisk x7  
  158  17:03  Mutalisk  
  158  17:04  Mutalisk x7  
  174  17:15  Drone x5  
  165  17:32  Corruptor  
  165  17:33  Corruptor x4  
  165  18:01  Corruptor x5  
  173  18:22  Extractor  
  172  18:27  Extractor  
Show
View Real Time Build Order
Export as new Build Order

jaguar Protoss 

Build Orders: 1 Gate Expand, Zealot Archon 

Get SALT Encoding   

  12  0:01  Probe  
  13  0:13  Probe  
  14  0:19  Pylon  
  14  0:25  Probe  
  15  0:37  Probe  
  15  0:40  Gateway  
  16  0:45  Probe  
  17  0:51  Assimilator  
  17  0:53  Probe  
  18  1:05  Probe  
  19  1:17  Probe  
  20  1:29  Nexus  
  20  1:38  Cybernetics Core  
  20  1:43  Assimilator  
  20  1:47  Probe  
  20  1:58  Pylon  
  20  1:59  Probe  
  21  2:08  Zealot  
  23  2:12  Probe  
  23  2:17  Warp Gate  
  23  2:21  Probe  
  25  2:32  Probe  
  25  2:34  Gateway  
  26  2:39  Pylon  
  26  2:40  Probe  
  26  2:42  Probe  
  27  2:49  Probe  
  30  2:51  Sentry  
  30  2:53  Probe  
  32  3:00  Probe  
  32  3:01  Probe  
  33  3:09  Probe  
  33  3:12  Probe, Gateway  
  35  3:17  Pylon  
  36  3:20  Probe  
  36  3:22  Stalker  
  36  3:26  Sentry  
  39  3:33  Probe x2  
  43  3:48  Forge  
  42  4:22  Protoss Ground Armor Level 1  
  36  4:26  Zealot x3  
  36  4:29  Probe x2  
  42  4:34  Robotics Facility  
  42  4:38  Gateway  
  42  4:40  Gateway  
  42  4:42  Gateway  
  42  4:44  Gateway  
  42  4:48  Pylon  
  42  4:59  Probe x2  
  44  5:06  Twilight Council  
  44  5:07  Pylon  
  44  5:11  Probe  
  44  5:12  Nexus  
  44  5:14  Pylon  
  45  5:16  Immortal  
  45  5:17  Pylon  
  43  5:31  Probe  
  43  5:33  Assimilator  
  44  5:38  Assimilator  
  44  5:39  Probe  
  44  5:41  Charge  
  44  5:42  Pylon  
  45  5:43  Probe  
  45  5:44  Pylon  
  46  5:51  Zealot x4  
  46  5:54  Sentry x2  
  58  5:57  Probe x2  
  60  6:05  Templar Archives  
  60  6:09  Probe  
  61  6:23  Photon Cannon  
  61  6:28  Photon Cannon  
  61  6:31  Stalker, Zealot  
  61  6:32  Stalker  
  67  6:34  Probe  
  68  6:42  Probe  
  68  6:43  Photon Cannon  
  68  6:45  Pylon  
  69  6:48  Probe x2  
  69  6:50  Probe  
  71  6:54  Photon Cannon  
  71  7:00  Probe  
  73  7:04  Probe  
  73  7:05  Stalker x2  
  73  7:06  Protoss Ground Weapons Level 1, Zealot  
  79  7:08  Probe  
  79  7:13  Probe  
  82  7:23  Pylon, Probe  
  82  7:26  Pylon  
  83  7:30  Forge  
  83  7:36  Stalker  
  85  7:38  High Templar x3  
  85  7:39  High Templar  
  85  7:42  Archon  
  85  7:44  Archon  
  93  7:50  Assimilator  
  93  7:54  Assimilator  
  89  8:05  Zealot  
  89  8:06  Zealot x2  
  89  8:07  Immortal  
  89  8:08  Probe x3  
  98  8:16  Protoss Shields Level 1  
  102  8:20  Probe  
  103  8:28  Probe x2  
  103  8:32  Probe  
  106  8:43  Photon Cannon  
  106  8:46  Immortal  
  106  8:47  Probe  
  106  8:48  Probe x2  
  113  8:55  High Templar x2  
  115  8:57  Zealot x4  
  115  8:58  Zealot  
  127  9:03  Probe x3  
  130  9:15  Nexus, Probe x2  
  132  9:18  Pylon  
  132  9:21  Pylon  
  132  9:25  Pylon, Observer  
  133  9:31  Gateway  
  133  9:33  Gateway x2  
  133  9:34  Gateway  
  133  9:38  Gateway  
  133  9:43  High Templar x4  
  133  9:44  High Templar  
  143  9:46  Archon  
  143  9:47  Observer  
  144  10:08  Psionic Storm  
  142  10:16  Zealot x6  
  142  10:17  Zealot  
  156  10:33  Probe x2  
  156  10:34  Probe  
  159  10:38  Photon Cannon  
  159  10:41  Photon Cannon  
  159  10:44  Photon Cannon  
  159  10:47  Photon Cannon  
  159  11:07  High Templar x2, Assimilator  
  159  11:08  High Templar x5  
  159  11:11  Assimilator, Immortal  
  177  11:14  Archon x3  
  177  11:16  Protoss Ground Weapons Level 2  
  177  11:17  Archon  
  177  11:18  Archon  
  177  11:19  Archon  
  177  11:20  Protoss Ground Armor Level 2  
  177  11:37  Blink  
  177  11:42  Probe  
  178  11:50  Warp Prism  
  180  12:04  Zealot x3  
  180  12:05  Zealot  
  188  12:10  Pylon x2  
  188  12:13  Pylon  
  178  13:03  Zealot x3  
  178  13:04  Zealot x2  
  178  13:05  Zealot x3  
  186  13:06  Zealot x4  
  196  13:28  Zealot  
  196  13:29  Zealot  
  189  15:12  Zealot  
  189  15:13  Zealot x4  
  198  15:14  Zealot  
  192  15:39  Zealot x4  
  192  15:40  Zealot x3  
  192  15:42  Zealot  
  198  15:51  Probe  
  197  16:16  Immortal  
  197  16:22  Protoss Shields Level 2  
  197  16:23  High Templar  
  197  16:24  Assimilator  
  199  16:30  Protoss Air Armor Level 1  
  189  17:02  High Templar x5  
  193  17:39  High Templar  
  193  17:40  High Templar x2  
  193  17:42  Archon  
  193  17:44  Archon  
  171  18:22  Assimilator  
  171  18:25  Pylon  
  171  18:26  Pylon  
  171  18:29  Pylon  
Show
View Real Time Build Order
Export as new Build Order

Blitz Terran 

Build Orders:  

Get SALT Encoding   

  12  0:00  SCV  
  13  0:13  SCV  
  14  0:18  Supply Depot  
  14  0:25  SCV  
  15  0:40  SCV  
  15  0:42  Barracks  
  16  0:47  Refinery  
  16  0:52  SCV  
  17  1:04  SCV  
  18  1:17  SCV  
  19  1:29  SCV  
  20  1:36  Command Center  
  20  1:38  Marine  
  21  1:42  SCV  
  22  1:57  Supply Depot  
  22  1:59  Orbital Command  
  22  2:03  Barracks Tech Lab  
  22  2:23  Marine  
  22  2:26  SCV  
  24  2:32  Refinery, Factory  
  24  2:38  SCV  
  25  2:47  Marine  
  25  2:48  Orbital Command  
  25  2:51  SCV  
  27  2:58  Stimpack  
  27  2:59  Supply Depot  
  27  3:03  SCV  
  28  3:19  Starport, Factory Tech Lab  
  28  3:21  SCV x2  
  30  3:31  Supply Depot  
  30  3:33  SCV  
  31  3:34  SCV  
  32  3:45  SCV  
  32  3:51  Marine  
  32  3:53  Hellion  
  33  3:59  Orbital Command  
  33  4:00  Barracks  
  28  4:08  Medivac, Marine  
  30  4:14  Hellion  
  32  4:23  Bunker  
  32  4:26  Marine  
  32  4:30  SCV x2  
  35  4:35  Hellion  
  37  4:42  SCV x2  
  37  4:45  Marauder  
  41  4:54  SCV  
  41  4:59  Infernal Pre-Igniter  
  42  5:01  Hellion, Barracks Tech Lab  
  42  5:05  Orbital Command  
  42  5:06  Marauder  
  46  5:10  Supply Depot  
  46  5:29  Starport Reactor  
  46  5:30  Marine x2  
  46  5:31  Supply Depot  
  46  5:33  Supply Depot  
  46  5:35  Hellion, SCV x2  
  52  5:47  SCV  
  52  5:48  Marine  
  52  6:29  SCV  
  52  6:30  SCV  
  52  6:32  Supply Depot  
  54  6:33  Marauder x2  
  54  6:36  Siege Tank  
  54  6:37  Supply Depot  
  61  6:41  SCV  
  61  6:42  SCV  
  63  6:53  Medivac, SCV  
  63  6:54  Marine x2, SCV  
  67  7:01  Supply Depot  
  69  7:06  SCV x2  
  69  7:08  Siege Tank  
  74  7:12  Marine x2  
  76  7:18  SCV  
  75  7:29  Marine  
  71  7:30  Marine  
  71  7:33  Barracks  
  73  7:40  Siege Tank  
  76  7:47  Marine  
  76  7:48  Marauder  
  68  8:05  SCV  
  68  8:06  Marauder, SCV  
  68  8:09  Marine  
  73  8:15  Supply Depot  
  73  8:16  Supply Depot  
  73  8:17  Viking x2  
  73  8:18  SCV  
  73  8:19  SCV  
  79  8:21  Refinery  
  79  8:22  Refinery  
  79  8:25  Hellion  
  81  8:27  Marauder x2  
  81  8:30  SCV  
  81  8:31  Barracks Reactor, SCV  
  87  8:35  Barracks  
  87  8:37  Barracks  
  87  8:42  SCV  
  87  8:43  SCV  
  87  8:44  Command Center  
  87  8:45  Command Center  
  87  8:47  Hellion  
  87  8:48  Marauder, Marine, Command Center  
  94  9:06  Marauder  
  94  9:08  Hellion  
  94  9:09  Marine  
  100  9:10  Marauder, Marine  
  102  9:17  Engineering Bay, SCV x2  
  102  9:18  Engineering Bay  
  105  9:27  Barracks Reactor, Marine x3  
  105  9:30  Hellion  
  105  9:31  Marine  
  110  9:40  Supply Depot  
  110  9:41  Supply Depot x2  
  110  9:42  Supply Depot  
  110  9:45  Barracks Reactor  
  110  9:46  Barracks  
  110  9:56  Hellion, Marine x3, SCV x2  
  117  10:04  Orbital Command  
  117  10:05  Orbital Command x2  
  117  10:11  Supply Depot  
  117  10:12  Supply Depot  
  117  10:13  Marine  
  118  10:18  Hellion  
  120  10:21  Marauder, Marine x2  
  120  10:22  Marine x4  
  126  10:30  Missile Turret  
  126  10:32  Marauder  
  128  10:38  Medivac  
  128  10:39  Medivac, Marine x3, Siege Tank  
  128  10:41  Supply Depot  
  138  10:48  SCV x3  
  141  10:52  Barracks Reactor  
  141  11:05  SCV x3, Supply Depot  
  141  11:06  Orbital Command, SCV  
  141  11:08  Medivac  
  141  11:09  Medivac  
  149  11:15  Siege Tank  
  149  11:17  Marine x2, SCV  
  155  11:27  Refinery  
  155  11:28  Refinery  
  155  11:29  Supply Depot  
  153  11:38  Medivac  
  155  11:52  Supply Depot  
  155  12:13  Missile Turret x2  
  151  12:18  Viking x2  
  151  12:19  Missile Turret  
  151  12:20  Marine x3  
  151  12:21  Marine x7, Missile Turret x2  
  165  12:34  Missile Turret  
  165  12:38  Marine x7  
  165  12:39  Marine x3  
  165  12:48  Viking x2  
  127  12:54  Missile Turret  
  127  12:55  Terran Infantry Weapons Level 1  
  127  12:56  Marine x4  
  127  12:57  Marauder x2  
  132  12:59  Terran Infantry Armor Level 1  
  132  13:01  SCV  
  133  13:18  Medivac, Marauder, Viking  
  139  13:28  Command Center  
  139  13:41  SCV x3  
  141  13:43  Marine  
  141  13:44  Marine x4  
  141  13:47  Marine, Supply Depot  
  141  13:48  Medivac x2, Marine x4  
  156  14:01  Marine  
  156  14:02  Marine x4  
  161  14:05  Marine  
  125  14:18  Medivac x2, Marine x2  
  125  14:19  Marine x5  
  125  14:20  Marine x2  
  125  14:23  Marine  
  121  14:36  Marine x2  
  117  14:39  Marine x5  
  117  14:40  Marine x2  
  117  14:41  Marine  
  118  14:45  Armory  
  118  14:48  Viking x2  
  105  14:54  Marine x2  
  105  14:56  Marine  
  105  14:57  Marine x5  
  105  14:58  Marine  
  105  14:59  Marine  
  110  15:12  Marine x2  
  112  15:14  Marine x2  
  112  15:15  Marine x2  
  112  15:18  Viking  
  112  15:19  Orbital Command  
  118  15:26  Armory  
  118  15:28  Marine x3  
  119  15:29  Marine x2  
  119  15:30  Marine  
  119  15:31  Medivac  
  119  15:32  Marine x3  
  129  15:48  Medivac  
  129  15:49  Command Center  
  131  15:56  Combat Shield  
  131  15:57  Barracks  
  131  15:59  Marine x2  
  131  16:00  Marine x4  
  131  16:01  Medivac  
  131  16:03  Terran Infantry Weapons Level 2  
  139  16:04  Terran Infantry Armor Level 2  
  139  16:06  Supply Depot  
  139  16:11  Marine x4  
  140  16:18  Medivac  
  135  16:22  Barracks  
  135  16:24  Orbital Command  
  135  16:25  Marine x4  
  127  16:26  Marine x2  
  131  16:34  Missile Turret  
  129  17:04  Marauder x2, Marine x5  
  129  17:05  Marine x4  
  129  17:08  SCV x2  
  144  17:14  Barracks Reactor  
  144  17:18  Orbital Command  
  144  17:22  Marine  
  145  17:36  Marine x4  
  145  17:37  Marine x5  
  149  17:38  Marine  
  149  17:39  Marine  
  129  17:53  Marine  
  129  17:54  Marine x2  
  129  17:56  Marine  
  129  17:57  Marine x5  
  129  17:58  Marine x4  
  120  18:11  Marine x2  
  120  18:12  Marine  
  122  18:14  Marine x2  
  122  18:15  Marine x4  
  122  18:16  Marine x4  
  132  18:24  SCV x3  
Show
View Real Time Build Order
Export as new Build Order

OpuS Protoss 

Build Orders: Archon Immortal 

Get SALT Encoding   

  12  0:01  Probe  
  13  0:13  Probe  
  14  0:19  Pylon  
  14  0:25  Probe  
  15  0:37  Probe  
  15  0:38  Gateway  
  16  0:45  Probe  
  17  0:51  Assimilator  
  17  0:53  Probe  
  17  1:03  Probe  
  18  1:09  Gateway  
  19  1:18  Probe  
  20  1:25  Cybernetics Core  
  20  1:27  Pylon  
  20  1:30  Probe  
  21  1:43  Probe  
  22  1:56  Probe  
  22  2:00  Assimilator  
  23  2:02  Warp Gate  
  23  2:05  Stalker  
  23  2:08  Zealot  
  27  2:23  Pylon  
  27  2:37  Stalker  
  27  2:38  Stalker  
  31  2:59  Nexus  
  30  3:18  Twilight Council  
  30  3:20  Robotics Facility  
  30  3:23  Probe  
  31  3:34  Pylon  
  31  3:35  Probe  
  31  3:37  Gateway  
  32  4:00  Probe  
  33  4:12  Probe  
  34  4:19  Immortal  
  34  4:20  Charge  
  38  4:31  Probe x2  
  38  4:33  Zealot x3  
  40  4:48  Probe x2  
  40  4:51  Pylon  
  40  4:52  Immortal  
  40  5:00  Probe  
  45  5:07  Probe  
  46  5:17  Zealot x3  
  52  5:23  Probe x2  
  54  5:32  Templar Archives  
  54  5:36  Probe x2  
  56  5:44  Assimilator  
  56  5:48  Probe x2, Assimilator  
  58  5:52  Gateway  
  58  6:08  Zealot  
  58  6:09  Zealot x2  
  64  6:24  Immortal  
  68  6:39  Zealot  
  70  6:46  Pylon  
  70  6:49  Gateway  
  70  6:50  Gateway  
  70  6:52  Pylon  
  70  6:54  Pylon  
  70  6:58  Psionic Storm  
  70  7:00  Gateway  
  70  7:02  Gateway  
  70  7:18  Zealot x3  
  70  7:19  Zealot  
  78  7:37  Nexus  
  78  7:38  Pylon  
  78  7:41  Assimilator  
  78  7:45  Assimilator  
  66  8:03  Zealot x3  
  66  8:04  Zealot x2  
  66  8:05  Zealot x3  
  78  8:14  Probe  
  78  8:15  Probe  
  80  8:26  Probe  
  80  8:27  Probe  
  82  8:33  Immortal  
  86  8:42  High Templar x3  
  86  8:43  High Templar x4  
  100  8:48  Probe x2  
  100  8:49  Probe  
  100  8:50  Zealot  
  105  9:00  Probe  
  105  9:01  Probe x2  
  108  9:12  Immortal  
  112  9:19  Zealot x2  
  116  9:24  Pylon  
  116  9:26  Pylon  
  116  9:27  Pylon  
  116  9:30  Pylon x2  
  116  9:58  Archon x2  
  110  10:02  Zealot x4  
  110  10:03  Zealot x4  
  110  10:05  Probe x3  
  103  10:17  Probe x2  
  103  10:18  Probe  
  86  10:29  High Templar x6, Probe x2  
  86  10:30  High Templar, Probe  
  86  10:32  High Templar  
  105  10:41  Probe  
  105  10:42  Probe x2  
  108  10:45  Forge  
  108  10:47  Forge  
  108  10:48  Forge  
  104  10:53  Probe  
  104  10:55  Probe x2  
  107  11:04  Zealot x2  
  107  11:05  Zealot x2, Probe  
  107  11:06  Zealot x3  
  107  11:08  Zealot  
  124  11:30  Zealot x5  
  134  11:33  High Templar x2  
  138  11:47  Blink  
  138  12:00  Stalker x4  
  138  12:01  Stalker x2  
  150  12:20  Nexus  
  150  12:21  Pylon  
  150  12:22  Pylon x2  
  140  12:24  Pylon  
  140  12:26  Assimilator  
  138  12:30  High Templar x2, Assimilator  
  138  12:31  Stalker x2  
  138  12:32  Zealot  
  90  13:06  Zealot  
  90  13:07  Zealot x5  
  90  13:08  Zealot x2  
  106  13:29  High Templar x5  
  106  13:30  High Templar  
  118  13:46  Pylon  
  118  13:48  Pylon  
  118  13:50  Pylon  
  118  13:53  Probe x2  
  118  13:54  Probe  
  120  13:56  Protoss Shields Level 1  
  120  13:59  Protoss Ground Weapons Level 1  
  120  14:00  Protoss Ground Armor Level 1  
  118  14:05  Probe x2  
  76  14:22  Probe x3  
  69  14:34  Probe x3  
  68  14:46  Probe x3  
  71  14:58  Probe x3  
  74  15:03  Stalker  
  74  15:04  High Templar x3  
  74  15:05  High Templar x3  
  88  15:07  Nexus  
  88  15:08  High Templar  
  90  15:15  Pylon  
  90  15:17  Pylon  
  90  15:18  Pylon  
  90  15:20  Pylon  
  76  15:27  Zealot  
  76  15:33  Gateway  
  76  15:34  Probe  
  76  15:35  Probe x2, Gateway  
  79  15:38  Zealot x3  
  79  15:39  Zealot x3, Gateway  
  79  15:40  Gateway  
  91  15:44  Zealot  
  91  15:47  Probe x3  
  95  15:55  Zealot  
  95  15:59  Zealot  
  95  16:00  Zealot x3  
  95  16:01  Zealot x2  
  105  16:05  Protoss Ground Armor Level 2  
  105  16:08  Zealot  
  107  16:11  Protoss Ground Weapons Level 2  
  107  16:12  Protoss Shields Level 2  
  107  16:17  Stalker  
  105  16:19  Probe x2  
  105  16:20  Probe  
  105  16:24  Probe  
  107  16:31  Probe x2  
  100  16:46  High Templar x3  
  100  16:47  High Templar x2  
  106  16:48  Zealot  
  106  16:49  Zealot x2  
  106  16:50  Zealot x3  
  112  17:10  Probe  
  112  17:11  Probe x3  
  110  17:22  Probe  
  111  17:36  Probe x4  
  115  17:48  Probe  
  90  17:55  High Templar x2  
  90  17:56  High Templar  
  90  17:58  Probe x3  
  81  18:00  Probe  
  82  18:10  Probe x3  
  82  18:12  Probe  
  86  18:20  Zealot x5  
  86  18:21  Zealot x3  
  86  18:22  Zealot, Probe x3  
  86  18:24  Probe  
  107  18:30  Archon  
Show
View Real Time Build Order
Export as new Build Order

Feng Terran 

Build Orders:  

Get SALT Encoding   

  12  0:01  SCV  
  13  0:16  Supply Depot  
  13  0:18  SCV  
  14  0:30  SCV  
  15  0:38  Barracks  
  15  0:44  Refinery  
  15  0:46  SCV  
  16  0:58  SCV  
  17  1:10  SCV  
  18  1:28  SCV  
  18  1:30  Marine, Supply Depot  
  20  1:42  Command Center  
  20  1:47  Marine  
  21  1:59  Barracks  
  21  2:05  Marine  
  22  2:11  SCV  
  22  2:12  Engineering Bay  
  23  2:23  SCV  
  24  2:41  Terran Infantry Armor Level 1  
  24  2:45  Orbital Command  
  24  2:57  Barracks Tech Lab  
  24  2:59  Marine  
  25  3:11  Refinery  
  25  3:14  SCV  
  25  3:17  Orbital Command  
  26  3:34  SCV  
  27  3:35  Factory  
  27  3:44  SCV  
  27  3:46  SCV  
  29  3:52  Refinery  
  29  3:56  SCV  
  29  4:00  Marine x2  
  32  4:26  Marine x2  
  30  4:43  Marine  
  30  4:44  Marine  
  32  4:50  Combat Shield  
  32  4:53  Factory Tech Lab  
  32  4:58  SCV x2  
  32  4:59  Starport  
  34  5:06  Engineering Bay  
  34  5:10  SCV x2  
  36  5:14  Marine  
  36  5:15  Armory  
  37  5:22  SCV x2  
  39  5:29  Marine  
  39  5:32  Siege Tank  
  39  5:34  SCV  
  44  5:38  Terran Infantry Weapons Level 1  
  44  5:39  Supply Depot x2  
  44  5:44  Starport Tech Lab  
  44  5:54  Starport, Command Center  
  43  6:04  Armory  
  31  6:28  Missile Turret  
  31  6:31  SCV x2  
  33  6:33  Missile Turret  
  33  6:36  Terran Vehicle And Ship Armor Level 1  
  33  6:43  SCV x2  
  35  6:47  Medivac  
  37  6:55  SCV x2  
  37  6:56  Marine  
  37  6:57  Marine  
  41  7:07  SCV x2  
  43  7:14  Refinery  
  34  7:43  SCV x3  
  37  7:51  Siege Tank  
  37  7:55  Barracks Reactor, SCV x3  
  43  8:07  SCV x2  
  45  8:13  SCV  
  45  8:18  Terran Ship Weapons Level 1  
  46  8:28  SCV  
  46  8:29  SCV x2  
  49  8:38  Terran Vehicle And Ship Armor Level 2  
  49  8:40  SCV  
  49  8:41  SCV  
  52  8:47  Refinery  
  52  8:49  Refinery  
  52  8:52  Orbital Command  
  52  8:53  SCV x2  
  53  9:05  SCV x2  
  53  9:07  Starport  
  53  9:09  Starport x2  
  55  9:15  Viking  
  57  9:19  SCV  
  57  9:20  SCV x2  
  60  9:28  Missile Turret  
  60  9:32  SCV  
  60  9:35  Missile Turret  
  61  9:45  Viking  
  63  9:47  Starport Tech Lab  
  63  9:58  Missile Turret  
  63  9:59  Starport Tech Lab  
  63  10:03  Starport Tech Lab  
  63  10:09  Marine  
  63  10:10  Marine  
  63  10:12  Terran Infantry Armor Level 2  
  65  10:14  Terran Ship Weapons Level 2  
  65  10:22  SCV  
  65  10:23  Fusion Core, Marine, SCV x2  
  65  10:27  Marine x2  
  71  10:34  SCV  
  71  10:35  SCV x2  
  74  10:38  Supply Depot  
  74  10:39  Supply Depot  
  74  10:44  Supply Depot  
  74  10:47  SCV  
  74  10:49  Raven  
  77  10:54  Terran Infantry Weapons Level 2  
  77  10:57  Terran Vehicle And Ship Armor Level 3  
  77  11:07  SCV x3  
  80  11:23  Battlecruiser  
  86  11:28  Battlecruiser  
  87  12:16  Battlecruiser x2  
  99  12:31  Terran Ship Weapons Level 3  
  99  12:33  Marine  
  100  12:40  Marine  
  101  13:31  Marine x3, Battlecruiser, Viking x3  
  101  13:33  Viking  
  118  13:34  Supply Depot  
  118  14:01  Viking x2  
  118  14:02  Battlecruiser  
  126  14:03  Viking  
  132  14:31  Battlecruiser, Viking  
  132  14:33  Battlecruiser  
  137  14:49  Battlecruiser  
  130  15:17  Battlecruiser, Viking  
  138  15:30  Marine x2  
  138  15:31  Marine  
  141  16:05  Marine x2  
  141  16:06  Battlecruiser  
  141  16:08  Supply Depot  
  141  16:09  Supply Depot x2  
  149  16:11  Supply Depot  
  149  16:30  Marine x2, Battlecruiser  
  149  16:31  Marine  
  158  16:46  Battlecruiser  
  158  16:47  Marine x2, Battlecruiser  
  170  16:48  Marine  
  172  17:06  Marine  
  173  17:10  Battlecruiser  
  179  17:24  Marine  
  174  17:34  Battlecruiser  
  106  18:15  Marine x3  
  115  18:20  Starport Reactor  
Show
View Real Time Build Order
Export as new Build Order

Sketchaphone Zerg 

Build Orders: Hatch First 

Get SALT Encoding   

  12  0:01  Drone  
  13  0:15  Drone  
  13  0:17  Overlord  
  14  0:22  Extractor  
  14  0:24  Drone  
  15  0:37  Drone  
  15  0:38  Drone  
  17  1:01  Drone  
  18  1:05  Hatchery  
  18  1:07  Drone, Extractor  
  17  1:22  Drone  
  18  1:27  Spawning Pool  
  17  1:41  Drone  
  17  1:42  Drone  
  17  1:43  Overlord  
  19  1:56  Drone  
  20  2:04  Drone  
  21  2:14  Queen  
  23  2:16  Metabolic Boost  
  23  2:17  Zergling x2  
  23  2:19  Zergling x2  
  25  2:28  Zergling x4  
  27  2:38  Zergling x2  
  27  2:39  Zergling x2  
  29  2:46  Zergling x2  
  29  2:49  Zergling x2  
  31  2:58  Overlord  
  31  2:59  Queen  
  31  3:00  Zergling x2  
  34  3:08  Overlord  
  35  3:20  Drone x2  
  35  3:22  Lair  
  35  3:24  Overlord  
  36  3:27  Drone x2  
  38  3:39  Overlord  
  38  3:40  Drone x2  
  38  4:24  Zergling x20  
  47  4:26  Drone  
  47  4:33  Spire  
  47  4:36  Hatchery  
  42  4:55  Drone x4, Extractor  
  42  4:58  Evolution Chamber x2  
  43  5:01  Drone x2  
  43  5:03  Drone  
  45  5:26  Zerg Melee Weapons Level 1  
  45  5:33  Drone x10  
  55  5:36  Extractor  
  55  5:37  Extractor  
  55  5:42  Zerg Ground Armor Level 1  
  53  5:53  Drone x4  
  53  5:54  Drone  
  58  6:04  Overlord  
  58  6:05  Overlord  
  58  6:34  Zerg Flyer Weapons Level 1  
  58  6:35  Corruptor x4  
  66  6:43  Extractor  
  62  6:48  Extractor  
  62  6:50  Zergling x2  
  62  6:51  Zergling x18  
  71  7:06  Mutalisk  
  73  7:09  Overlord x3  
  73  7:18  Spore Crawler  
  72  7:33  Mutalisk x5  
  72  7:35  Overlord  
  82  7:38  Drone  
  72  7:53  Mutalisk x2  
  66  8:09  Mutalisk  
  66  8:10  Mutalisk  
  70  8:21  Mutalisk  
  70  8:22  Mutalisk  
  70  8:26  Drone x3  
  77  8:28  Drone  
  77  8:29  Drone  
  77  8:31  Drone x3  
  77  8:32  Mutalisk  
  76  8:42  Mutalisk  
  78  8:51  Spore Crawler  
  78  8:53  Spore Crawler x2  
  78  8:55  Zerg Flyer Armor Level 1  
  75  8:58  Mutalisk  
  75  9:00  Zergling x8  
  81  9:03  Pneumatized Carapace  
  81  9:14  Zergling x2  
  81  9:15  Zergling x8  
  86  9:19  Mutalisk  
  70  9:50  Mutalisk x6  
  80  9:58  Drone x4  
  84  10:23  Corruptor x4  
  88  10:28  Overlord  
  88  10:29  Overlord  
  88  10:35  Infestation Pit  
  82  10:37  Drone x3  
  82  10:41  Overlord  
  85  10:51  Mutalisk  
  85  10:52  Mutalisk x2  
  77  11:08  Corruptor x3  
  73  11:20  Corruptor  
  73  11:21  Corruptor  
  77  11:29  Spore Crawler  
  76  11:35  Mutalisk  
  76  11:36  Mutalisk x3  
  84  11:44  Hive  
  84  12:11  Corruptor x4  
  84  12:12  Corruptor  
  94  12:19  Corruptor  
  96  12:29  Corruptor x2  
  100  12:34  Overlord  
  100  12:50  Corruptor  
  96  13:06  Corruptor x4  
  94  13:29  Greater Spire  
  94  13:37  Corruptor  
  96  13:46  Zergling x8  
  94  13:51  Queen  
  94  13:53  Hatchery  
  92  14:05  Zergling x16  
  92  14:06  Zergling x6  
  93  14:29  Zergling x16  
  85  14:53  Drone x4  
  86  15:06  Queen  
  82  15:07  Overlord  
  82  15:08  Overlord  
  78  15:17  Zergling x14  
  78  15:21  Mutalisk  
  80  15:36  Queen x2  
  80  15:37  Queen  
  80  16:10  Brood Lord  
  80  16:11  Brood Lord x5  
  83  16:16  Drone  
  83  16:17  Drone x2  
  83  16:18  Drone  
  91  16:25  Overlord  
  89  16:44  Corruptor x3  
  91  16:55  Spore Crawler  
  91  16:57  Spore Crawler x2  
  88  17:08  Corruptor  
  88  17:10  Brood Lord  
  92  17:37  Brood Lord  
  92  17:38  Corruptor  
  70  17:54  Corruptor x3  
Tags
 
Add a new tag
Caveats
  • Supply blocks, unpowered buildings, or Contaminate may cause inaccurate times.
  • Supply counts are checked every 10 seconds.